Unix NetHack Version 5.0.0-0 post-release - last build May 23 2026 06:08:33 (1c0ff79ee797540d5714e4e18072db0edd9e58ae,branch:main).

Game began 2026-05-27 19:11:34, ended 2026-05-27 19:23:53.

GdeVolpiano, lawful male human Archeologist

          ---
  ---    --.---
  |..-- --....|    ---
  |...---.....--  --.--- |
   -...........|  |..@%..|
   |.........| |  |.h.----
 --|........---   --..|
--.--...*|.<..-------.#
|.....).-----.....| |.|
|......%|   -----.| |.|
--.--...|       |.---.|
 -- ---.|       |...`.-
     |..|       --.....|
     |..|        --....-
     |.--         --....|
     ---           -...--
                    ...|
                   -..--
                   ----
GdeVolpiano the Field Worker  St:17 Dx:9 Co:10 In:18 Wi:13 Ch:9  Lawful
Dlvl:4  $:504 HP:0(20) Pw:13(13) AC:5  Xp:3 T:1704 

Latest messages:
 What do you want to use or apply? [eghpsuBEG or ?*]
 What do you want to rub on the stone? [$H or ?*]
 H - a worthless piece of red glass.
 What do you want to drop? [$c-eg-ipr-vBD-H or ?*]
 You drop a worthless piece of red glass.
 You hear crashing rock.
 You hear crashing rock.
 You hit the gnome lord!
 You hit the gnome lord!
 You kill the gnome lord!
 I - a long wand.
 You see here a green gem.
 What do you want to write with? [- gsuvI or ?*]
 You write in the dust with your fingertip.
 You hear crashing rock.
 What do you want to write with? [- gsuvI or ?*]
 This long wand is a wand of digging!
 You wipe out the message that was written in the dust here.
 You engrave in the floor with a wand of digging.
 Gravel flies up from the floor.
 J - a green gem.
 The gnome lord turns to flee.
 What do you want to use or apply? [eghpsuBEGI or ?*]
 What do you want to rub on the stone? [$J or ?*]
 J - a jade stone.
 You hit the gnome lord.
 You hit the gnome lord!
 You hit the gnome lord.
 Indy bites the dwarf.
 The dwarf swings his pick-axe at Indy.
 The dwarf misses Indy.
 Indy misses the dwarf.
 Indy misses the dwarf.
 You hear crashing rock.
 The dwarf swings his pick-axe.
 The dwarf hits!
 You kill the gnome lord!
 Indy misses the dwarf.
 The dwarf swings his pick-axe.
 The dwarf hits!
 You miss the dwarf.
 Indy bites the dwarf.
 The dwarf swings his pick-axe at Indy.
 The dwarf hits Indy.
 Indy is killed!
 The dwarf swings his pick-axe.
 The dwarf hits!
 You die...
 Do you want your possessions identified? [ynq] (y)
 Do you want to see your attributes? [ynq] (y)

Inventory:
 Coins    ('$')
  $ - 504 gold pieces
 Armor    ('[')
  c - an uncursed +1 fedora (being worn)
  t - an uncursed +0 pair of gauntlets of dexterity
  i - an uncursed rusty +0 chain mail (being worn)
 Comestibles  ('%')
  d - 5 uncursed food rations
  F - an uncursed fortune cookie
 Scrolls  ('?')
  r - an uncursed scroll of fire
  D - an uncursed scroll of teleportation
 Spellbooks  ('+')
  E - a cursed spellbook of magic mapping
 Wands    ('/')
  I - a wand of digging (0:3)
  s - a wand of light (0:11)
  u - a wand of striking (0:3)
 Tools    ('(')
  h - an empty uncursed sack
  B - an uncursed blindfold
  G - a cursed magic whistle
  e - a +0 pick-axe (weapon in left hand)
  p - an uncursed stethoscope
 Gems/Stones  ('*')
  v - an uncursed aquamarine stone
  J - an uncursed jade stone
  g - an uncursed touchstone

GdeVolpiano the Archeologist's attributes:

Background:
 You were a Field Worker, a level 3 male human Archeologist.
 You were lawful, on a mission for Quetzalcoatl
 who was opposed by Camaxtli (neutral) and Huhetotl (chaotic).
 You were left-handed.
 You were in the Gnomish Mines, on level 4.
 You entered the dungeon 1704 turns ago.
 You had 77 experience points, 3 more were needed to attain level 4.

Basics:
 You had 0 out of 20 hit points.
 You had all 13 energy points (spell power).
 Your armor class was 5.
 Your wallet contained 504 zorkmids.
 Autopickup was on for '$?!/="+' plus thrown, with exceptions.

Final Characteristics:
 Your strength was 17 (limit:18/100).
 Your dexterity was 9 (limit:18).
 Your constitution was 10 (limit:18).
 Your intelligence was 18 (limit:18).
 Your wisdom was 13 (limit:18).
 Your charisma was 9 (limit:18).

Final Status:
 You weren't hungry.
 You were unencumbered.
 You were wielding a pick-axe.
 You had basic skill with pick-axe.

Final Attributes:
 You were devoutly aligned.
 You had automatic searching.
 You were warded.
 You were lucky.
 You are dead.

Miscellaneous:
 You didn't encounter any bones levels.
 Total elapsed playing time was 12 minutes and 17 seconds.

Major events:
 Turn
    1: GdeVolpiano the lawful male human Archeologist entered the dungeon
 1500: entered the Gnomish Mines
 1628: attained the rank of Field Worker (level 3)
 1704: killed by a dwarf

You didn't know any spells.

Skills:
 Fighting Skills
   bare handed combat [Unskilled]
   two weapon combat  [Unskilled]
   riding             [Unskilled]
 Weapon Skills
   dagger             [Unskilled]
   knife              [Unskilled]
   pick-axe           [Basic]
   short sword        [Unskilled]
   saber              [Unskilled]
   club               [Unskilled]
   quarterstaff       [Unskilled]
   sling              [Unskilled]
   dart               [Unskilled]
   boomerang          [Unskilled]
   whip               [Basic]
   unicorn horn       [Unskilled]
 Spellcasting Skills
   attack spells      [Unskilled]
   healing spells     [Unskilled]
   divination spells  [Unskilled]
   matter spells      [Unskilled]

Voluntary challenges:
 Character rerolling was not enabled.
 You never genocided any monsters.
 You never polymorphed an object.
 You never changed form.
 You used no wishes.
Achievements:
 You entered a shop.
 You entered the Gnomish Mines.
 You attained the rank of Field Worker.

 The Dungeons of Doom: levels 1 to 4
    Level 1:
    Level 2:
       A general store, an altar to Quetzalcoatl, many fountains.
    Level 3:
       Stairs down to The Gnomish Mines.
    Level 4:
 The Gnomish Mines:
    Level 4: <- You were here.
       Final resting place for
          you, killed by a dwarf.


Vanquished creatures:
  2 gnome leaders
  a little dog
  2 gnomes
  4 jackals
  3 goblins
  2 sewer rats
  2 grid bugs
  2 lichens
  8 newts
26 creatures vanquished.

No species were genocided or became extinct.

Game over:
                       ----------
                      /          \
                     /    REST    \
                    /      IN      \
                   /     PEACE      \
                  /                  \
                  |   GdeVolpiano    |
                  |      504 Au      |
                  |   killed by a    |
                  |      dwarf       |
                  |                  |
                  |                  |
                  |       2026       |
                 *|     *  *  *      | *
        _________)/\\_//(\/(/\)/\//\/|_)_______

Goodbye GdeVolpiano the Archeologist...

You died in The Gnomish Mines on dungeon level 4 with 932 points,
and 504 pieces of gold, after 1704 moves.
You were level 3 with a maximum of 20 hit points when you died.

